 Dungeon Crawl Stone Soup version 0.31.0-32-g396128a36d (webtiles) character file.

Game seed: 9859909583409952682

139 Henri the Cudgeller (level 5, -3/41 HPs)
             Began as a Demonspawn Chaos Knight on Apr 4, 2024.
             Was a Plaything of Xom.
             Slain by an orc priest
             ... wielding a +5 flail of protection
              (5 damage)
             ... on level 5 of the Dungeon.
             The game lasted 00:04:43 (1997 turns).

Henri the Cudgeller (Demonspawn Chaos Knight)       Turns: 1997, Time: 00:04:44

Health: -3/41      AC:  6    Str: 14    XL:     5   Next: 1%
Magic:  5/5        EV: 14    Int: 13    God:    Xom [..*...]
Gold:   32         SH:  0    Dex: 12    Spells: 4/4 levels left

rFire   . . .        a - +1 mace (chaos)
rCold   . . .        (no shield)
rNeg    . . .        b - +3 leather armour
rPois   .            (no helmet)
rElec   .            (no cloak)
rCorr   .            (no gloves)
SInv    .            (no boots)
Will    .....        (no amulet)
Stlth   +            (no ring)
HPRegen 0.26/turn    (no ring)
MPRegen 0.09/turn

%: no passive effects
@: on berserk cooldown, slowed, very slow
A: hooves 2, repulsion field 2
a: Renounce Religion


You were on level 5 of the Dungeon.
You worshipped Xom.
You were a toy of Xom.
You visited 1 branch of the dungeon, and saw 5 of its levels.

You collected 32 gold pieces.

Inventory:

Hand Weapons
 a - a +1 mace of chaos (weapon)
Armour
 b - a +3 leather armour (worn)
Scrolls
 d - 2 scrolls of enchant weapon
 f - 2 scrolls of enchant armour
Potions
 e - a potion of curing {unknown}
 g - a potion of berserk rage
 h - a potion of lignification {unknown}


   Skills:
 - Level 3.0 Fighting
 + Level 5.2 Maces & Flails
 - Level 1.7 Armour
 - Level 0.8 Dodging


You had 4 spell levels left.
You didn't know any spells.
Your spell library was empty.

Dungeon Overview and Level Annotations

Branches:
Dungeon (6/15)
 Temple: D:4-7

Altars:
Xom
Yredelemnul

Annotations:
D:5 Prince Ribbit
D:6 1 runed translucent door


Innate Abilities, Weirdness & Mutations

You have hoof-like feet.
You are surrounded by a moderate repulsion field. (EV +3)


Message History

Your butterfly dies!
Your butterfly disappears in a burst of colours!
The orc priest closely misses your butterfly.
Prince Ribbit hits your butterfly.
Your butterfly dies!
Your butterfly disappears in a burst of colours!
You swap places.
You feel a strong urge to attack something.
The orc closely misses your butterfly. The orc closely misses you.
The black bear closely misses your butterfly.
The black bear claws your butterfly.
Your butterfly dies!
Your butterfly disappears in a burst of colours!
Prince Ribbit hits your butterfly.
Your butterfly dies!
Your butterfly disappears in a burst of colours!
The orc priest hits your butterfly with a +0 club.
Your butterfly dies!
Your butterfly disappears in a burst of colours!
The orc priest mumbles some strange prayers to Beogh against you.
Beogh smites you! The orc barely misses you. Prince Ribbit hits you!
* * * LOW HITPOINT WARNING * * *
Unknown command.
You swap places.
You feel your anger nearly subside. The orc barely misses you.
The black bear bites your butterfly.
Your butterfly dies!
Your butterfly disappears in a burst of colours!
The orc priest barely misses your butterfly.
Unknown command.
You swap places.
You are no longer berserk.
You are exhausted.
You feel yourself slow down.
Prince Ribbit closely misses your butterfly.
The orc hits you with a +0 dagger.
* * * LOW HITPOINT WARNING * * *
The orc priest hits you with a +5 flail of protection.
You die...
Xom bursts into laughter!

+ .. .. .+##.##
.......
###########.......
#..bbbbbFbo.......
#>.bb.bbbbob......
#b.bbbboo@.bb.....
#.bbbhbobb○b......
######bbbb§☼......
#.b..b#######
#..b..# #.....#
#.....# #.....#
#.....#


You could see Prince Ribbit (ally target), a black bear (ally target), 2 orc
priests and 3 orcs.

Vanquished Creatures
  Terence (D:2)
  2 orc wizards (D:2)
  A ribbon worm (D:2)
  3 dart slugs
  8 orcs (D:2)
  6 ball pythons
  10 bats
  2 endoplasms
  2 giant cockroaches (D:1)
  5 goblins
  5 hobgoblins
  4 jackals
  4 kobolds
  A quokka (D:1)
  12 frilled lizards
  4 rats (D:1)
70 creatures vanquished.

Notes
Turn   | Place    | Note
-------+----------+-------------------------------------------
     0 | D:1      | Henri the Demonspawn Chaos Knight began the quest for the
                  | Orb.
     0 | D:1      | Reached XP level 1. HP: 18/18 MP: 1/1
   132 | D:1      | Reached skill level 3 in Maces & Flails
   140 | D:1      | XOM: cloud trail
   149 | D:1      | Gained mutation: You are surrounded by a mild repulsion
                  | field. (EV +2) [demonic ancestry]
   149 | D:1      | Reached XP level 2. HP: 24/24 MP: 2/2
   182 | D:1      | XOM: divination: detect creatures
   375 | D:1      | Gained mutation: You are surrounded by a moderate repulsion
                  | field. (EV +3) [demonic ancestry]
   375 | D:1      | Reached XP level 3. HP: 29/29 MP: 3/3
   506 | D:1      | XOM: noise
   540 | D:1      | XOM: divination: detect items
   572 | D:1      | Reached skill level 4 in Maces & Flails
  1271 | D:2      | XOM: silly message
  1332 | D:2      | Gained mutation: You have large cloven feet. [demonic
                  | ancestry]
  1332 | D:2      | Reached XP level 4. HP: 33/35 MP: 4/4
  1415 | D:2      | Noticed Terence
  1438 | D:2      | Killed Terence
  1626 | D:2      | XOM: confuse monster(s)
  1632 | D:2      | XOM: confuse monster(s)
  1635 | D:2      | Reached skill level 5 in Maces & Flails
  1791 | D:2      | Gained mutation: You have hoof-like feet. [demonic
                  | ancestry]
  1791 | D:2      | Reached XP level 5. HP: 41/41 MP: 5/5
  1809 | D:2      | XOM: cloud trail
  1930 | D:3      | You fall into a shaft and drop 3 floors!
  1936 | D:6      | Found a shimmering altar of Xom.
  1945 | D:6      | Identified the +4 short sword of Temperance {vamp, rElec
                  | rPois Str-4 Int+4}
  1954 | D:6      | Found a runed translucent door.
  1954 | D:6      | Noticed a human
  1959 | D:6      | Found a basalt altar of Yredelemnul.
  1972 | D:6      | Noticed a black bear
  1982 | D:5      | Entered Level 5 of the Dungeon
  1985 | D:5      | Noticed Prince Ribbit
  1985 | D:5      | XOM: smoke on damage
  1992 | D:5      | XOM: potion effect (berserk rage)
  1997 | D:5      | HP: 2/41 [orc/+0 dagger (2)]
  1997 | D:5      | Slain by an orc priest

Illustrated notes

Levels and vault maps discovered:
D:1:      ldierk_walled_garden, layout_basic, corexii_corridor_pit,
          minmay_lizard_king
D:2:      layout_basic, uniq_terence
D:3:      layout_loops_cross, nicolae_overflow_ecumenical_swirl,
          nicolae_overflow_squiral, kennysheep_slug_shrine,
          cheibrodos_sewer_entry_bend
D:5:      layout_gridville, jmf_multi_god_temple, ebering_ghost_gozag,
          uniq_edmund, uniq_prince_ribbit1, uniq_eustachio, uniq_ijyb
D:6:      layout_loops_cross, dk_yredelemnul_ordeal,
          mainiacjoe_overflow_six_doors_small, minmay_temple_entry_large_hall,
          serial_glass, glass_columns_b, glass_columns_a,
          minmay_strange_pillars, feat_on_display, item_on_display_a,
          due_unseen_surprise, gammafunk_ghost_nasty_kobolds

Skill      XL: |  1  2  3  4 |
---------------+-------------+-----
Maces & Flails | 3 4 5 |  5.2
Fighting       | |  3.0
Armour         | |  1.7
Dodging        | |  0.8

Action                     |  1- 3 |  4- 6 || total
---------------------------+-------+-------++-------
  Melee: Mace              |   124 |    57 ||   181
         Kick              |       |    13 ||    13
         Punch             |       |     1 ||     1
    Use: Scroll            |     2 |     3 ||     5
   Stab: Sleeping          |     1 |       ||     1
 Armour: Leather armour    |    62 |    49 ||   111
  Dodge: Dodged            |    92 |    60 ||   152
